 Dungeon Crawl Stone Soup version 0.30.1-3-gfc49f6343a (webtiles) character file.

Game seed: 17117938729640207234

3005 Cheops the Grappler (level 9, -6/88 HPs)
             Began as a Troll Fighter on July 26, 2023.
             Mangled by a death yak (13 damage)
             ... on level 8 of the Dungeon.
             The game lasted 00:09:36 (5334 turns).

Cheops the Grappler (Troll Fighter)                 Turns: 5334, Time: 00:09:37

Health: -6/88      AC:  4    Str: 32    XL:     9   Next: 54%
Magic:  8/8        EV:  9    Int:  8    God:
Gold:   1471       SH:  9    Dex:  9    Spells: 8/8 levels left

rFire   . .          .
                       - Unarmed
rCold   + . .        b - +0 kite shield
rNeg    . . .        a - +0 robe
rPois   .            (helmet restricted)
rElec   .            (no cloak)
rCorr   .            (gloves unavailable)
SInv    .            (boots unavailable)
Will    +....        r - amulet of the acrobat
Stlth   +            l - +6 ring of strength
HPRegen 1.14/turn    o - ring "Wual" {rC+ Will+ Slay+4}
MPRegen 0.11/turn

%: acrobat
@: mighty
A: large, unfitting armour, claws 3, regeneration 1, shaggy fur 1, tough skin 1
a: no special abilities


You were on level 8 of the Dungeon.
You visited 2 branches of the dungeon, and saw 9 of its levels.

You collected 1471 gold pieces.

Inventory:

Missiles
 y - 3 throwing nets (quivered)
Armour
 a - a +0 robe (worn)
 b - a +0 kite shield (worn)
Jewellery
 l - a +6 ring of strength (left claw)
 o - the ring "Wual" (right claw) {rC+ Will+ Slay+4}
   (You found it on level 3 of the Dungeon)

   [ring of slaying]

   Slay:      It affects your accuracy & damage with ranged weapons and melee
   (+4).
   rC:        It protects you from cold.
   Will:      It increases your willpower.
 r - an amulet of the acrobat (around neck)
 u - a ring of see invisible
 w - a ring of poison resistance
 x - a ring of resist corrosion
Wands
 z - a wand of quicksilver (4)
 B - a wand of mindburst (9)
 C - a wand of flame (12)
Scrolls
 e - 4 scrolls of magic mapping
 k - a scroll of fog
 m - a scroll of amnesia
 q - 5 scrolls of teleportation
 s - a scroll of silence
 v - a scroll of vulnerability
Potions
 c - 4 potions of might
 d - 4 potions of mutation {unknown}
 f - 3 potions of curing {unknown}
 g - a potion of degeneration {unknown}
 h - 2 potions of resistance {unknown}
 j - a potion of cancellation {unknown}
 n - a potion of ambrosia {unknown}
 p - a potion of attraction {unknown}
 t - a potion of brilliance
 A - a potion of berserk rage


   Skills:
 + Level 5.3 Fighting
 - Level 2.4 Dodging
 + Level 5.9 Shields
 * Level 10.8 Unarmed Combat


You had 8 spell levels left.
You didn't know any spells.
Your spell library contained the following spells:

 Spells                   Type           Power      Damage    Failure   Level
 Sandblast                Erth           0%         2d4       58%         1
 Shock                    Conj/Air       0%         1d3       58%         1
 Passwall                 Tmut/Erth      0%         N/A       73%         2
 Stone Arrow              Conj/Erth      0%         3d7       91%         3
 Swiftness                Air            0%         N/A       91%         3
 Vhi's Electric Charge    Tloc/Air       0%         N/A       91%         3
 Airstrike                Air            0%         2d(0-16)  100%        4
 Manifold Assault         Tloc           0%         N/A       100%        4
 Arcjolt                  Conj/Air       0%         1d10      100%        5
 Dispersal                Tloc           0%         N/A       100%        6
 Disjunction              Tloc           0%         N/A       100%        8
 Maxwell's Capacitive Co  Air            0%         ∞         100%        8


Dungeon Overview and Level Annotations

Branches:
Dungeon (8/15)             Temple (1/1) D:4
   Lair: D:8-11

Altars:
Ashenzari
Dithmenos
Elyvilon
Fedhas
Gozag
Hepliaklqana
Makhleb
Nemelex Xobeh
Okawaru
Qazlal
Ru
Sif Muna
Trog
Uskayaw
Vehumet
Xom
Yredelemnul
The Shining One


Innate Abilities, Weirdness & Mutations

You are too large for most types of armour.
You have claws for hands.
Your natural rate of healing is unusually fast.
You are covered in fur. (AC +1)
You have tough skin. (AC +1)


Message History

Press: ? - help, Shift-Dir - straight line, f/p - death yak
Aim: a death yak (moderately wounded, 89% to hit)
The puff of flame hits the death yak.
The death yak is lightly wounded.
You barely miss the death yak.
The death yak is lightly wounded.
The death yak barely misses you.
You mangle the death yak!!
The death yak is heavily wounded.
The death yak gores you!
* * * LOW HITPOINT WARNING * * *
You claw the death yak!
The death yak is severely wounded.
The death yak gores you!
* * * LOW HITPOINT WARNING * * *
You mangle the death yak!!
The death yak is almost dead.
The death yak gores you!!
* * * LOW HITPOINT WARNING * * *
You mangle the death yak!!
You kill the death yak!
You barely miss the death yak.
The death yak is lightly wounded.
You claw the death yak!
The death yak is moderately wounded.
The death yak completely misses you.
You mangle the death yak!!
The death yak is heavily wounded.
The death yak gores you!!
* * * LOW HITPOINT WARNING * * *
You barely miss the death yak.
The death yak is heavily wounded.
You block the death yak's attack.
You claw the death yak!
The death yak is severely wounded.
The death yak barely misses you.
You barely miss the death yak.
The death yak is severely wounded.
The death yak gores you!
You die...

#.####....>#.# .. #.####
#.########.#.# ...#...<#
#....<# #.#.# ...######
##########.#.##### ......
#.....#.....# ......
###.#.....# ......
#.......###
......###########.####..###.#
....?..........Y@...........#
..#...###########.###.#######
...... ........).....# ......
###########.#.# .[....
#.........#.# ......
#.#########.### ######
#.#...........#
#.#.#######.#.#
#.#.#.......#.#


You could see a death yak.

Vanquished Creatures
  2 death yaks (D:8)
  Joseph (D:7)
  A sky beast (D:7)
  3 ogres
  3 centaurs
  A phantom (D:6)
  2 kobold brigands
  2 bullfrogs
  A gnoll sergeant (D:5)
  2 scorpions
  2 orc priests (D:5)
  A jelly (D:6)
  2 iguanas
  An orc wizard (D:5)
  11 gnolls
  5 adders
  2 white imps
  3 ufetubi
  A worm (D:2)
  2 dart slugs
  6 orcs
  7 ball pythons
  8 endoplasms
  3 giant cockroaches
  15 hobgoblins
  3 jackals (D:1)
  12 kobolds
  3 quokkas
  7 bats
  3 frilled lizards
  17 goblins
  8 rats
140 creatures vanquished.

Notes
Turn   | Place    | Note
-------+----------+-------------------------------------------
     0 | D:1      | Cheops the Troll Fighter began the quest for the Orb.
     0 | D:1      | Reached XP level 1. HP: 22/22 MP: 0/0
   105 | D:1      | Reached XP level 2. HP: 29/29 MP: 1/1
   177 | D:1      | Reached skill level 3 in Unarmed Combat
   604 | D:1      | Reached XP level 3. HP: 36/36 MP: 2/2
  1074 | D:2      | Reached skill level 4 in Unarmed Combat
  1307 | D:2      | Reached XP level 4. HP: 44/44 MP: 3/3
  1578 | D:3      | Found a glowing golden altar of the Shining One.
  1843 | D:3      | Found a shadowy altar of Dithmenos.
  1844 | D:3      | Found a bloodstained altar of Trog.
  1847 | D:3      | Found a white marble altar of Elyvilon.
  1914 | D:3      | Identified the ring "Wual" {rC+ Will+ Slay+4}
  2507 | D:4      | Reached skill level 5 in Unarmed Combat
  2515 | D:4      | Reached XP level 5. HP: 44/50 MP: 4/4
  2576 | D:4      | Reached skill level 6 in Unarmed Combat
  2730 | D:4      | Found a staircase to the Ecumenical Temple.
  2759 | Temple   | Entered the Ecumenical Temple
  2878 | D:4      | Noticed an ogre
  2886 | D:4      | Killed an ogre
  2887 | D:4      | Reached XP level 6. HP: 53/59 MP: 5/5
  3017 | D:5      | Entered Level 5 of the Dungeon
  3243 | D:5      | Reached skill level 7 in Unarmed Combat
  3380 | D:5      | Reached XP level 7. HP: 66/66 MP: 6/6
  3829 | D:6      | Reached skill level 8 in Unarmed Combat
  4344 | D:6      | Reached XP level 8. HP: 75/75 MP: 7/7
  4441 | D:6      | Found a hide-covered altar of Uskayaw.
  4623 | D:7      | Identified a scroll of acquirement
  4626 | D:7      | Acquired 1009 gold pieces
  4686 | D:7      | Found a burning altar of Makhleb.
  4739 | D:7      | Found a shimmering altar of Xom.
  4891 | D:7      | Reached skill level 9 in Unarmed Combat
  4961 | D:7      | Noticed Joseph
  4972 | D:7      | Killed Joseph
  5123 | D:8      | Reached skill level 5 in Shields
  5298 | D:8      | Noticed a death yak
  5317 | D:8      | Noticed a death yak
  5319 | D:8      | Killed a death yak
  5319 | D:8      | Noticed a death yak
  5320 | D:8      | Reached skill level 5 in Fighting
  5320 | D:8      | Reached skill level 10 in Unarmed Combat
  5320 | D:8      | Reached XP level 9. HP: 46/88 MP: 8/8
  5328 | D:8      | Killed a death yak
  5331 | D:8      | HP: 4/88 [death yak (20)]
  5334 | D:8      | Mangled by a death yak

Illustrated notes

Levels and vault maps discovered:
D:1:      lemuel_arrival_funnel, layout_basic
D:2:      layout_basic
D:3:      layout_loops_corners, mainiacjoe_overflow_boulevard,
          chequers_temple_overflow_statue_of_worship, minmay_goblin_kobold_house
D:4:      layout_cave_pools, minmay_temple_entry_offerings,
          nicolae_grassy_gnolls
D:5:      layout_rooms
D:6:      layout_loops_corners, nicolae_uskayaw_suspiria
D:7:      layout_basic, lemuel_tele_altar, mainiacjoe_overflow_cross_hatched,
          uniq_joseph
D:8:      layout_basic, mainiacjoe_overflow_surrounded_room, dpeg_lair_monsters
Temple:   nicolae_temple_ecumenical_triangle

Skill      XL: |  1  2  3  4  5  6  7  8 |
---------------+-------------------------+-----
Unarmed Combat | 3 4 5 6 7 8 10 | 10.8
Shields        | 3 5 |  5.9
Fighting       | 3 5 |  5.3
Dodging        | |  2.4

Action                     |  1- 3 |  4- 6 |  7- 9 || total
---------------------------+-------+-------+-------++-------
  Melee: Unarmed           |   133 |   142 |   108 ||   383
  Evoke: Wand              |       |       |     8 ||     8
    Use: Scroll            |       |       |    11 ||    11
         Potion            |       |       |     2 ||     2
 Armour: Robe              |    29 |    37 |    15 ||    81
  Dodge: Dodged            |    36 |    50 |    38 ||   124
  Block: Kite shield       |    45 |    50 |    36 ||   131
